 Dungeon Sprint DCSS version 0.30.1-11-g7821555f0a (webtiles) character file.

Game seed: 3890171201244664202

820 Heoruswealwe the Spear-Bearer (level 7, 0/73 HPs)
             Began as a Minotaur Fighter on Dec 29, 2023.
             Was an Initiate of Gozag.
             Slain by a two-headed ogre
             ... wielding a +0 giant club
              (10 damage)
             ... in the Dungeon (Sprint IX: "|||||||||||||||||||||||||||||").
             The game lasted 00:02:43 (300 turns).

Heoruswealwe the Spear-Bearer (Minotaur Fighter)     Turns: 300, Time: 00:02:43

Health: 0/73       AC: 16    Str: 23    XL:     7   Next: 63%
Magic:  6/6        EV:  9    Int:  5    God:    Gozag
Gold:   0          SH:  0    Dex:  9    Spells: 6/6 levels left

rFire   . . .        b - +2 halberd (venom)
rCold   . . .        (shield currently unavailable)
rNeg    . . .        c - +0 plate armour
rPois   .            (helmet restricted)
rElec   .            (no cloak)
rCorr   .            (no gloves)
SInv    .            e - +0 pair of boots
Will    .....        (no amulet) Stlth
                     k - +2 ring of evasion
HPRegen 0.32/turn    (no ring)
MPRegen 0.10/turn

%: no teleportation
@: gold aura
A: horns 2, retaliatory headbutt
a: Renounce Religion, Potion Petition, Call Merchant, Bribe Branch


You were in the Dungeon.
You worshipped Gozag.
Gozag was noncommittal.
You visited 1 branch

Inventory:

Hand Weapons
 a - a +0 trident
 b - a +2 halberd of venom (weapon)
Armour
 c - a +0 plate armour (worn)
 d - a +0 buckler
 e - a +0 pair of boots (worn)
Jewellery
 k - a +2 ring of evasion (left hand)
Wands
 h - a wand of quicksilver (10)
Scrolls
 j - 2 scrolls of blinking
Potions
 g - a potion of haste
 i - a potion of berserk rage
 l - a potion of curing
 m - a potion of might


   Skills:
 + Level 10.7 Fighting
 * Level 14.2 Polearms
 + Level 10.7 Armour
 - Level 3.6 Shields


You had 6 spell levels left.
You didn't know any spells.
Your spell library was empty.

Dungeon Overview and Level Annotations

Branches:
Dungeon (1/1)

Altars:
Cheibriados
Dithmenos
Elyvilon
Fedhas
Gozag
Hepliaklqana
Kikubaaqudgha
Makhleb
Nemelex Xobeh
Okawaru
Qazlal
Ru
Sif Muna
Trog
Uskayaw
Vehumet
Wu Jian
Xom
Yredelemnul
Zin
The Shining One
Jiyva
Lugonu


Innate Abilities, Weirdness & Mutations

You have a pair of horns on your head.
You reflexively headbutt those who attack you in melee.


Message History

The troll is lightly wounded.
The troll bites you but does no damage. The troll claws you but does no damage.
The troll closely misses you.
You barely miss the troll. You headbutt the troll.
The troll is moderately wounded.
The troll bites you but does no damage.
The troll claws you but does no damage. x2
You feel better. The troll bites you but does no damage.
The troll claws you but does no damage. The troll claws you!
* * * LOW HITPOINT WARNING * * *
You feel better. The troll bites you.
* * * LOW HITPOINT WARNING * * *
The troll claws you.
* * * LOW HITPOINT WARNING * * *
The troll claws you but does no damage.
You feel better. The troll bites you but does no damage. The troll claws you.
* * * LOW HITPOINT WARNING * * *
The troll claws you but does no damage.
You slash the troll!
The troll looks as sick as possible!
You headbutt the troll.
The troll is heavily wounded.
The troll bites you but does no damage. The troll claws you but does no damage.
The troll claws you.
* * * LOW HITPOINT WARNING * * *
You puncture the troll!
The troll looks as sick as possible!
The troll is severely wounded.
The troll bites you but does no damage. The troll barely misses you.
The troll claws you but does no damage.
You feel better. The troll bites you but does no damage.
The troll claws you but does no damage. The troll claws you.
* * * LOW HITPOINT WARNING * * *
You slash the troll!
You kill the troll!
Your Polearms skill increases to level 14!
You puncture the two-headed ogre!
The two-headed ogre is moderately wounded.
You slice the two-headed ogre!! You headbutt the two-headed ogre.
The two-headed ogre is almost dead.
The two-headed ogre hits you with a +0 giant club!
You die...
Your body crumbles into a pile of gold.

▓!▓
$
▓?▓
$
▓)▓
$
▓[▓
$
▓=▓
▓[▓
$
▓.▓
▓.▓
$
▓@▓
$
▓O▓
$
▓.▓
▓.▓
$
▓.▓
$
▓.▓
$ $
▓.▓
$
▓.▓
$
▓+▓


You could see a two-headed ogre.

Vanquished Creatures
  A gargoyle (D)
  A troll (D)
  An ogre (D)
  2 wights (D)
  2 hounds (D)
  An iguana (D)
  An orc wizard (D)
  A gnoll (D)
  An endoplasm (D)
  A giant cockroach (D)
  A goblin (D)
  A bat (D)
  A rat (D)
15 creatures vanquished.

Notes
Turn   | Place    | Note
-------+----------+-------------------------------------------
     0 | D        | Heoruswealwe the Minotaur Fighter began the quest for the
                  | Orb.
     0 | D        | Reached XP level 1. HP: 19/19 MP: 0/0
     6 | D        | Reached skill level 3 in Polearms
   125 | D        | Noticed a hound
   125 | D        | Noticed an iguana
   125 | D        | Noticed an ogre
   125 | D        | Noticed a hound
   127 | D        | Killed a hound
   128 | D        | Reached skill level 5 in Fighting
   128 | D        | Reached skill level 5 in Polearms
   128 | D        | Reached skill level 5 in Armour
   128 | D        | Reached XP level 2. HP: 24/29 MP: 1/1
   128 | D        | Reached XP level 3. HP: 30/36 MP: 2/2
   133 | D        | Reached skill level 6 in Polearms
   139 | D        | Reached skill level 7 in Polearms
   139 | D        | Reached XP level 4. HP: 11/44 MP: 3/3
   144 | D        | Killed an ogre
   145 | D        | Reached skill level 9 in Polearms
   145 | D        | Reached XP level 5. HP: 19/52 MP: 4/4
   153 | D        | Found a snail-covered altar of Cheibriados.
   153 | D        | Found a shadowy altar of Dithmenos.
   153 | D        | Found a white marble altar of Elyvilon.
   153 | D        | Found a blossoming altar of Fedhas.
   153 | D        | Found an opulent altar of Gozag.
   154 | D        | Found a hazy altar of Hepliaklqana.
   155 | D        | Found a viscous altar of Jiyva.
   156 | D        | Found an ancient bone altar of Kikubaaqudgha.
   157 | D        | Found a corrupted altar of Lugonu.
   158 | D        | Found a burning altar of Makhleb.
   159 | D        | Found a sparkling altar of Nemelex Xobeh.
   160 | D        | Found an iron altar of Okawaru.
   161 | D        | Became a worshipper of Gozag Ym Sagoz the Greedy
   162 | D        | Found a stormy altar of Qazlal.
   163 | D        | Found a sacrificial altar of Ru.
   164 | D        | Found a shimmering blue altar of Sif Muna.
   165 | D        | Found a bloodstained altar of Trog.
   166 | D        | Found a hide-covered altar of Uskayaw.
   167 | D        | Found a radiant altar of Vehumet.
   168 | D        | Found an ornate altar of the Wu Jian Council.
   169 | D        | Found a shimmering altar of Xom.
   170 | D        | Found a basalt altar of Yredelemnul.
   171 | D        | Found a glowing silver altar of Zin.
   172 | D        | Found a glowing golden altar of the Shining One.
   263 | D        | Noticed a gargoyle
   263 | D        | Noticed a troll
   263 | D        | Noticed a two-headed ogre
   266 | D        | Reached skill level 10 in Polearms
   272 | D        | Killed a gargoyle
   273 | D        | Reached skill level 12 in Polearms
   273 | D        | Reached XP level 6. HP: 36/66 MP: 5/5
   273 | D        | Reached XP level 7. HP: 38/71 MP: 6/6
   274 | D        | Reached skill level 13 in Polearms
   276 | D        | Reached skill level 10 in Fighting
   276 | D        | Reached skill level 10 in Armour
   298 | D        | Killed a troll
   299 | D        | Reached skill level 14 in Polearms
   300 | D        | Slain by a two-headed ogre

Illustrated notes

Levels and vault maps discovered:
D:        linesprint [early_d, line_temple, items_1, d_10, items_2, lair_1,
          lair_end, items_3, orc_1, orc_end, items_4, d_15, swamp_1, shoals_1,
          snake_1, spider_1, d_20, vaults_1, items_5, swamp_end, shoals_end,
          snake_end, spider_end, vaults_end, d_27, items_6, zot_1, zot_end,
          crypt_end, forest_end, elf_end, slime_end, tomb_end, abyss_end,
          pan_hell_end]

Skill      XL: |  1  2  3  4  5  6  7 |
---------------+----------------------+-----
Polearms       | 5 7 9 12 14 | 14.2
Fighting       | 5 7 9 10 | 10.7
Armour         | 5 7 9 10 | 10.7
Shields        | |  3.6

Action                     |  1- 3 |  4- 6 |  7- 9 || total
---------------------------+-------+-------+-------++-------
  Melee: Trident           |    25 |     7 |       ||    32
         Headbutt          |     7 |     4 |     5 ||    16
         Halberd           |       |     9 |    16 ||    25
    Use: Potion            |       |     1 |     6 ||     7
 Armour: Scale mail        |     7 |     1 |       ||     8
         Plate armour      |       |       |    23 ||    23
  Dodge: Dodged            |     9 |     6 |    10 ||    25
  Block: Buckler           |     4 |       |       ||     4
